 Dungeon Crawl Stone Soup version 0.29-a0-802-g34511f41fd (webtiles) character file.

Game seed: 8603312361677734371

20 purpskrrrp the Sneak (level 2, -2/26 HPs)
             Began as a Naga Brigand on July 3, 2022.
             Slain by a gnoll
             ... wielding a +0 club
              (6 damage)
             ... on level 1 of the Dungeon.
             The game lasted 00:02:43 (887 turns).

purpskrrrp the Sneak (Naga Brigand)                  Turns: 887, Time: 00:02:44

Health: -2/26      AC:  2    Str: 13    XL:     2   Next: 79%
Magic:  2/2        EV:  9    Int: 11    God:
Gold:   45         SH:  0    Dex: 12    Spells: 1/1 levels left

rFire   . . .      SeeInvis +   k - +1 dagger (pain)
rCold   . . .      Faith    .   (no shield)
rNeg    . . .      Spirit   .   b - +0 robe
rPois   +          Reflect  .   (no helmet)
rElec   .          Harm     .   c - +0 cloak
rCorr   .          Rampage  .   (no gloves)
Will    .....                   (no barding)
Stlth   +++.......              (no amulet)
HPRegen 0.08/turn               (no ring)
MPRegen 0.08/turn               (no ring)

@: very slow
A: AC +0, large, see invisible, deformed body, poison resistance, slowness 2,
spit poison 1, naga tail 1
a: Spit Poison


You were on level 1 of the Dungeon.
You visited 1 branch of the dungeon, and saw 1 of its levels.

You collected 45 gold pieces.

Inventory:

Hand Weapons
 a - a +2 dagger
 k - a +1 dagger of pain (weapon)
Missiles
 d - 9 poisoned darts
 e - 3 curare-tipped darts
Armour
 b - a +0 robe (worn)
 c - a +0 cloak (worn)
Scrolls
 f - a scroll of teleportation {unknown}
 g - a scroll of silence {unknown}
 i - a scroll of fear {unknown}
 l - a scroll of identify {unknown}
Potions
 h - 2 potions of heal wounds {unknown}
 j - 2 potions of flight {unknown}
 m - a potion of attraction {unknown}


   Skills:
 + Level 2.0 Fighting
 + Level 2.1 Short Blades
 - Level 1.7 Throwing
 - Level 0.7 Dodging
 * Level 7.1 Stealth


You had one spell level left.
You didn't know any spells.
Your spell library was empty.

Dungeon Overview and Level Annotations

Branches:
Dungeon (1/15)

Altars:


Innate Abilities, Weirdness & Mutations

Your serpentine skin is tough. (AC +0)
You have supernaturally acute eyesight. (SInv)
Armour fits poorly on your strangely shaped body.
Your system is resistant to poisons. (rPois)
You cover ground very slowly.
You can spit poison.
You have a snake-like lower body.


Message History

The ball python completely misses the bush.
The gnoll hits you with a +0 club.
The ball python bites the bush.
You closely miss the gnoll.
The gnoll is moderately wounded.
The ball python bites the bush but does no damage.
You hit the gnoll.
The gnoll is heavily wounded.
The gnoll hits you with a +0 club!
* * * LOW HITPOINT WARNING * * *
The ball python bites the bush but does no damage.
You are too injured to fight recklessly!
You are too injured to fight recklessly!
You are too injured to fight recklessly!
You are too injured to fight recklessly!
You are too injured to fight recklessly!
You are too injured to fight recklessly!
You are too injured to fight recklessly!
You hit the gnoll but do no damage.
The gnoll is heavily wounded.
The gnoll closely misses you.
The ball python bites the bush but does no damage.
You hit the gnoll but do no damage.
The gnoll is heavily wounded.
The gnoll hits you with a +0 club.
* * * LOW HITPOINT WARNING * * *
The ball python bites the bush but does no damage.
You hit the gnoll.
The gnoll is heavily wounded.
The gnoll hits you with a +0 club.
* * * LOW HITPOINT WARNING * * *
The ball python bites the bush but does no damage.
You hit the gnoll.
The gnoll is severely wounded.
The ball python bites the bush but does no damage.
The gnoll barely misses you.
You hit the gnoll.
The gnoll is severely wounded.
The ball python bites the bush but does no damage.
The gnoll hits you with a +0 club.
You die...

#######.#....######.#.....'
.................##.#.###.#
#####.##..##.###.##.#.#....
♣. ♣...#.#...##.#.##### ♣
♣♣♣.#.#.#....#)..^8^


PP. ♣.#.#.#.#..#.)#### P...P ♣♣#.#...#..#..##.# .....P♣♣..########.....#
..⌠..Sg@....^......##### .....P♣♣.########### P...P ♣.# PP. ..# ♣.## .. .## #
You could see a gnoll and a ball python.

Vanquished Creatures
  2 bats (D:1)
  An endoplasm (D:1)
  4 goblins (D:1)
  2 quokkas (D:1)
  2 ball pythons (D:1)
  2 frilled lizards (D:1)
  4 kobolds (D:1)
17 creatures vanquished.

Notes
Turn   | Place    | Note
-------+----------+-------------------------------------------
     0 | D:1      | purpskrrrp the Naga Brigand began the quest for the Orb.
     0 | D:1      | Reached XP level 1. HP: 19/19 MP: 1/1
    62 | D:1      | Found a faded altar of an unknown god.
    75 | D:1      | Reached skill level 6 in Stealth
   320 | D:1      | Reached XP level 2. HP: 24/26 MP: 2/2
   592 | D:1      | Reached skill level 7 in Stealth
   887 | D:1      | Slain by a gnoll

Illustrated notes

Levels and vault maps discovered:
D:1:      dpeg_arrival_lava_temple_mockup, layout_basic,
          hellmonk_ecumenical_altar_crossroads, serial_forest,
          infiniplex_forest_clump_tiny, infiniplex_forest_straight_4,
          infiniplex_forest_straight_4, infiniplex_forest_fountain,
          infiniplex_forest_zigzag_2, infiniplex_forest_end_3,
          infiniplex_forest_clump_medium, infiniplex_forest_straight_2,
          ebering_dispersal_statue_hall

Skill      XL: |  1  2 |
---------------+-------+-----
Stealth        | 6 7 |  7.1
Fighting       | |  2.0
Short Blades   | |  2.1
Throwing       | |  1.7
Dodging        | |  0.7

Action                   || total
-------------------------++-------
Melee: Dagger            ||    42
       Punch             ||     1
 Abil: Spit Poison       ||     2
 Stab: Sleeping          ||     5
Armor: Robe              ||     7
Dodge: Dodged            ||    17

Table legend: (Time is in decaauts)
 A = Elapsed time spent in this place.
 B = Non-inter-level travel time spent in this place.
 C = Inter-level travel time spent in this place.
 D = Time resting spent in this place.
 E = Time spent auto-exploring this place.
 F = Levels seen in this place.
 G = Mean time per level.
                   A        B        C        D        E       F      G
               +--------+--------+--------+--------+--------+-----+--------+
         Total |   1130 |   1113 |     17 |      0 |    948 |   1 | 1130.0 |
       Dungeon |   1130 |   1113 |     17 |      0 |    948 |   1 | 1130.0 |
               +--------+--------+--------+--------+--------+-----+--------+

Top non-repeatable levels by time:
     D:1: 1130 daAuts
